AoeStats
← nonoleboss

Migration

509933861Analyzed
1v1 RM · 4d ago on Sep 28, 2026· 34m 27s· 2 players
Game mode
Random Map
Map size
132×132
Population
200
Speed
Normal
Resources
Standard
Victory
Conquest
Starting age
Dark Age
Ending age
Imperial Age
RankedLock teamsTeams togetherTeam positionsShared explorationLock speedFull tech treeHidden civsTurbo modeCheats
Victory
Defeat
🇷🇺 Varangians · Russia
1376
+15
🇫🇷 Japanese · France
1354
-15
nonoleboss
11:43 Feudal Age
16:31 Castle Age
14:27 Double-Bit Axe
17:34 Medium Warships
18:00 Fishing Lines
18:53 Bow Saw
20:57 Clinker Construction
20:59 Careening
21:03 Loom
24:35 Gillnets
35:02 Imperial Age
Kingsglory
12:47 Feudal Age
13:25 Double-Bit Axe
13:54 Fishing Lines
16:18 Castle Age
14:47 Fletching
15:16 Loom
15:17 Town Watch
16:01 Gold Mining
17:10 Medium Warships
17:00 Gillnets
17:24 Bow Saw
17:45 Bodkin Arrow
21:57 Careening
22:00 Clinker Construction
24:17 Wheelbarrow
24:21 Ballistics
24:25 Stone Mining
30:46 Imperial Age
29:30 Stone Shaft Mining
30:15 Hand Cart
30:18 Medium Warships
32:58 Bracer
Connection lost

Rejoining the realm…

Still unreachable

The connection could not be restored.

Session expired

The server has moved on; the page needs a fresh start.